 Dungeon Crawl Stone Soup version 0.30-a0-23-ge60ba3568b (webtiles) character file.

Game seed: 11266234180192592880

37984 Sobieck the Thaumaturge (level 14, 0/94 HPs)
             Began as an Octopode Conjurer on Aug 24, 2022.
             Was a High Priest of Ashenzari.
             Slain by a polar bear (3 damage)
             ... on level 3 of the Lair of Beasts.
             The game lasted 01:09:09 (20604 turns).

Sobieck the Thaumaturge (Octopode Conjurer)        Turns: 20604, Time: 01:09:10

Health: 0/94       AC: -1    Str:  6    XL:     14   Next: 0%
Magic:  26/32      EV: 26    Int: 35    God:    Ashenzari [*****.]
Gold:   298        SH:  0    Dex: 11    Spells: 11/41 levels left

rFire   + . .      SeeInvis +    c - staff of conjuration (curse) {!a@e2staff, Bglg, Melee}
rCold   x . .      Faith    .    (no shield)
rNeg    . . .      Spirit   .    g - +2 hat of Ashenzari's Paranoia {Cun, Bglg} (curse)
rPois   .          Reflect  .    m - amulet "Chained With Me" {Regen+, @e2, Range, Comp} (curse)
rElec   .          Harm     .    D - ring of the Revealing Ether {SInv, Self, Bglg} (curse)
rCorr   .          Rampage  .    F - ring "Overhang to Understand" {Fire *Corrode Fly Int+4 Stlth+, Cun, Comp} (curse)
Will    ++...      Clarity  +    u - ring of Ashenzari's Moon {EV+4, Bglg, Comp} (curse)
Stlth   +++++++...               Q - ring "Eternal Annoyance" {Slay+4, Alch, Range} (curse)
HPRegen 1.05/turn                y - ring of the Chained Malaise {Will+, Comp, Evo} (curse)
MPRegen 0.23/turn                W - ring of the Fated Elitism {Wiz, Range, Cun} (curse)
                                 N - ring "Behold Eternity" {Int+6, Alch, Elem} (curse)
                                 s - ring of the Cursed Moon {EV+4, Evo, Elem} (curse)

@: corroded, flying
A: almost no armour, amphibious, 8 rings, camouflage 1, gelatinous body 1,
(nimble swimmer 1), tentacles
a: Renounce Religion, Curse Item, Shatter the Chains


You were on level 3 of the Lair of Beasts.
You worshipped Ashenzari.
Ashenzari was extremely pleased with you.
You visited 3 branches of the dungeon, and saw 17 of its levels.

You collected 921 gold pieces.
You spent 623 gold pieces at shops.


Innate Abilities, Weirdness & Mutations

You cannot wear most types of armour.
You are amphibious.
You can wear up to eight rings at the same time.
Your skin changes colour to match your surroundings (Stealth+).
Your rubbery body absorbs attacks. (AC +1, EV +1)
((You are camouflaged when in or above water. (Stealth+)))
You have tentacles for arms and can constrict up to eight enemies at once.


   Skills:
 - Level 5.7(8.0) Fighting
 - Level 4.0(6.1) Staves
 - Level 10.0(14.5) Dodging
 - Level 7.6(12.1) Stealth
 - Level 11.7(14.0) Spellcasting
 - Level 10.5(16.0) Conjurations
 - Level 5.4(10.6) Hexes
 - Level 4.7(9.7) Translocations
 - Level 2.3(5.0) Transmutations
 * Level 9.7(13.1) Earth Magic


You had 11 spell levels left.
You knew the following spells:

 Your Spells              Type           Power      Damage    Failure   Level
a - Magic Dart            Conj           100%       1d8       0%          1
b - Searing Ray           Conj           100%       2d8       0%          2
c - Fulminant Prism       Conj/Hex       54%        3d23      1%          4
d - Iskenderun's Mystic   Conj/Tloc      100%       2d19      1%          4
e - Borgnjor's Vile Clut  Necr/Erth      32%        N/A       1%          5
f - Lehudib's Crystal Sp  Conj/Erth      56%        10d13     11%         8
g - Statue Form           Tmut/Erth      48%        N/A       2%          6

Your spell library contained the following spells:

 Spells                   Type           Power      Damage    Failure   Level
 Dazzling Flash           Conj/Hex       100%       N/A       0%          3
 Stone Arrow              Conj/Erth      100%       3d13      0%          3
 Ensorcelled Hibernation  Hex/Ice        100%       N/A       1%          2
 Conjure Flame            Conj/Fire      100%       6-21      1%          3
 Ignite Poison            Fire/Tmut/Pois 55%        N/A       1%          3
 Spider Form              Tmut/Pois      43%        N/A       1%          3
 Anguish                  Hex/Necr       29%        N/A       1%          4
 Petrify                  Tmut/Erth      73%        N/A       1%          4
 Sticky Flame             Conj/Fire      100%       2d11      1%          4
 Metabolic Englaciation   Hex/Ice        29%        N/A       1%          5
 Animate Dead             Necr           30%        N/A       4%          4
 Death Channel            Necr           15%        N/A       54%         6
 Animate Armour           Summ/Erth      Unusable   N/A       N/A         4

Inventory:

Hand Weapons
 f - a +0 club {mace}
   (You took it off a goblin on level 1 of the Dungeon)
 h - a +0 club {mace}
   (You took it off a goblin on level 1 of the Dungeon)
 p - a +0 short sword {short}
   (You took it off a kobold on level 1 of the Dungeon)
 A - a +0 whip {mace}
   (You took it off a kobold on level 2 of the Dungeon)
 G - a +2 dagger of draining {short}
   (You took it off an orc wizard on level 5 of the Dungeon)
 K - a +0 club {mace}
   (You took it off a goblin on level 2 of the Dungeon)
Missiles
 x - 55 poisoned darts {throwing}
 z - 3 boomerangs {throwing}
 E - a silver boomerang {throwing}
 M - 6 curare-tipped darts {=fthrowing}
 Z - 3 throwing nets {=f!fthrowing}
Armour
 g - the cursed +2 hat of Ashenzari's Paranoia (worn) {Cun, Bglg}
   (You bought it in a shop on level 11 of the Dungeon)

   It has a curse which improves the following skills: Cunning: Dodging and
   Stealth.
   Beguiling: Conjurations, Hexes and Translocations.
Magical Staves
 c - a cursed staff of conjuration (weapon) {!a@e2staff, Bglg, Melee}
   (You acquired it on level 4 of the Dungeon)
 B - a staff of death {!astaff}
   (You found it on level 2 of the Dungeon)
 U - a staff of fire {!astaff}
   (You found it on level 8 of the Dungeon)
Jewellery
 m - the cursed amulet "Chained With Me" (around mantle) {Regen+, @e2, Range, Comp}
   (You found it on level 7 of the Dungeon)

   [amulet of regeneration]

   Regen:     It increases your rate of health regeneration.
   It has a curse which improves the following skills: Ranged Combat: Ranged
   Weapons and Throwing.
   Companions: Summonings and Necromancy.
 s - the cursed ring of the Cursed Moon (on tentacle) {EV+4, Evo, Elem}
   (You found it on level 11 of the Dungeon)

   [ring of evasion]

   EV:        It affects your evasion (+4).
   It has a curse which improves the following skills: Evocations: Evocations.
   Elements:  Fire Magic, Ice Magic, Air Magic and Earth Magic.
 u - the cursed ring of Ashenzari's Moon (on tentacle) {EV+4, Bglg, Comp}
   (You found it on level 8 of the Dungeon)

   [ring of evasion]

   EV:        It affects your evasion (+4).
   It has a curse which improves the following skills: Beguiling: Conjurations,
   Hexes and Translocations.
   Companions: Summonings and Necromancy.
 v - an amulet of guardian spirit
   (You found it on level 1 of the Dungeon)
 y - the cursed ring of the Chained Malaise (on tentacle) {Will+, Comp, Evo}
   (You found it on level 9 of the Dungeon)

   [ring of willpower]

   Will:      It increases your willpower.
   It has a curse which improves the following skills: Companions: Summonings
   and Necromancy.
   Evocations: Evocations.
 D - the cursed ring of the Revealing Ether (left tentacle) {SInv, Self, Bglg}
   (You found it on level 2 of the Dungeon)

   [ring of see invisible]

   SInv:      It lets you see invisible.
   It has a curse which improves the following skills: Introspection: Fighting
   and Spellcasting.
   Beguiling: Conjurations, Hexes and Translocations.
 F - the cursed ring "Overhang to Understand" (right tentacle) {Fire *Corrode Fly Int+4 Stlth+, Cun, Comp}
   (You acquired it on level 6 of the Dungeon)

   [ring of fire]

   It enhances your fire magic.
   Int:       It affects your intelligence (+4).
   rF:        It protects you from fire.
   rC:        It makes you vulnerable to cold.
   Fly:       It grants you flight.
   *Corrode:  It may corrode you when you take damage.
   Stlth:     It makes you more stealthy.
   It has a curse which improves the following skills: Cunning: Dodging and
   Stealth.
   Companions: Summonings and Necromancy.
 N - the cursed ring "Behold Eternity" (on tentacle) {Int+6, Alch, Elem}
   (You found it on level 10 of the Dungeon)

   [ring of intelligence]

   Int:       It affects your intelligence (+6).
   It has a curse which improves the following skills: Alchemy: Poison Magic and
   Transmutations.
   Elements:  Fire Magic, Ice Magic, Air Magic and Earth Magic.
 Q - the cursed ring "Eternal Annoyance" (on tentacle) {Slay+4, Alch, Range}
   (You took it off a centaur on level 6 of the Dungeon)

   [ring of slaying]

   Slay:      It affects your accuracy & damage with ranged weapons and melee
   (+4).
   It has a curse which improves the following skills: Alchemy: Poison Magic and
   Transmutations.
   Ranged Combat: Ranged Weapons and Throwing.
 W - the cursed ring of the Fated Elitism (on tentacle) {Wiz, Range, Cun}
   (You bought it in a shop on level 9 of the Dungeon)

   [ring of wizardry]

   It improves your spell success rate.
   It has a curse which improves the following skills: Ranged Combat: Ranged
   Weapons and Throwing.
   Cunning:   Dodging and Stealth.
Wands
 i - a wand of charming (4)
   (You found it on level 10 of the Dungeon)
 J - a wand of iceblast (14)
   (You took it off an orc warrior on level 6 of the Dungeon)
 X - a wand of quicksilver (6)
   (You found it on level 9 of the Dungeon)
Scrolls
 k - 5 scrolls of amnesia
 n - a scroll of magic mapping {!r}
 o - 3 scrolls of fear
 t - 5 scrolls of teleportation {@r4}
 L - 2 scrolls of blinking {!r}
 P - 3 scrolls of immolation {!r!r}
 R - a scroll of butterflies
 S - 3 scrolls of vulnerability {!r!r}
 T - a scroll of poison {!r}
Potions
 a - 5 potions of magic
 b - 2 potions of ambrosia
 d - 5 potions of brilliance
 e - 3 potions of might
 j - 5 potions of heal wounds {@q2}
 q - 3 potions of cancellation
 r - 2 potions of haste {@q3}
 w - a potion of resistance
 C - 3 potions of flight
 H - 4 potions of curing {@q1}
 I - 2 potions of mutation {!q}
 V - 2 potions of invisibility
 Y - 5 potions of lignification {!q}
Miscellaneous
 l - a phantom mirror
   (You found it on level 11 of the Dungeon)
 O - a phial of floods
   (You found it on level 11 of the Dungeon)

Dungeon Overview and Level Annotations

Branches:
Dungeon (13/15) Zot: 26676  Temple (1/1) D:4 Zot: 5987    Lair (3/5) D:10 Zot: 14662
  Swamp (0/4) Lair:3       Spider (0/4) Lair:3          Orc (0/2) D:9
 Vaults: D:13-14

Altars:
Ashenzari
Cheibriados
Dithmenos
Elyvilon
Fedhas
Gozag
Hepliaklqana
Kikubaaqudgha
Makhleb
Nemelex Xobeh
Okawaru
Qazlal
Ru
Sif Muna
Trog
Uskayaw
Vehumet
Wu Jian
Xom
Yredelemnul
Zin
The Shining One

Shops:
D:3 ?   D:5 *   D:9 =   D:11 ![*   D:12 [

Annotations:
D:2 exclusion: downstairs
D:4 exclusion: downstairs
D:5 1 runed translucent door, Crazy Yiuf
D:6 exclusions: 2 orc warriors and 2 rust devils
D:7 exclusion: downstairs

** * * ####### *
#..#.########.#P#.## ,
, , ,
...................#
,>, ,
,...................##
,, ,,
.................### ,
,
,.,.................##
,,* ,,
,#..+#.....#.P.....###
, , ,
...P....Y.........####
, ,,
..P...<@Y....#....####
,, ,
,#......FhY...P....####
, , , ,
,...(.......†.......###
, *,
..#..........#....####
,,
..................####
, ,
..#....(.....#.....###
*, , ,,
,................^....#
*, ,, ,,
.##.#....D.......^.###
*, ,*,,,
..(....^...^^^^...##


You could see a four-headed hydra (webbed), 3 elephants, a polar bear (berserk)
and a cane toad.


Message History

The polar bear claws you but does no damage.
The polar bear closely misses you.
The elephant struggles to get unstuck from the web.
The elephant closely misses you.
The elephant trunk-slaps you but does no damage.
The cane toad completely misses you.
You hear a roar!
You hear an angry hiss.
Unknown command.
You hit the polar bear. The polar bear completely misses you.
The polar bear misses you. The polar bear closely misses you.
The cane toad barely misses you.
The elephant pulls away from the web.
The elephant completely misses you. The elephant closely misses you.
The polar bear misses you.
The polar bear claws you but does no damage.
The polar bear claws you.
Unknown command.
You hit the elephant.
You blast the elephant!
The polar bear barely misses you. The polar bear closely misses you.
The polar bear claws you.
Your corrosive artefact corrodes you!
The cane toad stings you but does no damage.
The elephant completely misses you. The elephant barely misses you.
The elephant completely misses you.
The elephant trunk-slaps you but does no damage.
The polar bear barely misses you. The polar bear misses you.
The polar bear closely misses you. The cane toad closely misses you.
Casting: Fulminant Prism (safe; 1% risk of failure)
Confirm with . or Enter, or press ? or * to list all spells.
Aiming: Fulminant Prism (safe; 1% risk of failure)
Press: ? - help, Dir - move target You feel a surge of power!
You conjure a prism of explosive energy!
A fulminant prism comes into view.
The polar bear misses you. The polar bear completely misses you.
The polar bear closely misses you.
The elephant tramples you but does no damage.
The elephant barely misses you. The elephant tramples you!
You hold your ground!
The elephant barely misses you. The elephant closely misses you.
The elephant misses you. The cane toad closely misses you.
The polar bear completely misses you. The polar bear closely misses you.
The polar bear claws you but does no damage.
The elephant closely misses you. The elephant barely misses you.
The elephant tramples you but does no damage.
The elephant trunk-slaps you but does no damage.
The elephant tramples your fulminant prism!
The elephant trunk-slaps your fulminant prism but does no damage.
The elephant barely misses you. The elephant misses you.
The cane toad completely misses you.
Unknown command.
You hit the elephant. The polar bear completely misses you.
The polar bear claws you but does no damage.
The polar bear barely misses you.
The elephant tramples you but does no damage.
The elephant trunk-slaps you but does no damage.
The elephant barely misses you. The elephant misses you.
The elephant closely misses you. The elephant completely misses you.
The elephant tramples your fulminant prism!
The elephant trunk-slaps your fulminant prism but does no damage.
The cane toad misses you. The polar bear bites you.
The polar bear barely misses you. The polar bear misses you.
Your fulminant prism crackles loudly.
Unknown command.
You hit the elephant but do no damage.
You blast the elephant!
You kill the elephant!
You revert to your normal fleshy form.
The polar bear completely misses you. The polar bear misses you. x2
The cane toad closely misses you. The elephant tramples you.
You hold your ground!
The elephant trunk-slaps you. The elephant misses you.
The elephant trunk-slaps you.
The elephant tramples your fulminant prism.
The elephant trunk-slaps your fulminant prism.
The blast of energy engulfs the elephant!
The polar bear barely misses you. The polar bear closely misses you.
The polar bear barely misses you. The cane toad closely misses you.
You hear a roar!
You have reached level 14!
The elephant attacks as you move away! The elephant completely misses you.
The elephant misses you. The cane toad closely misses you.
The polar bear completely misses you. The polar bear claws you.
The polar bear completely misses you. The elephant attacks as you move away!
The elephant barely misses you. The elephant trunk-slaps you.
The polar bear bites you!!
* * * LOW HITPOINT WARNING * * *
The polar bear completely misses you. The polar bear misses you.
The cane toad stings you!
* * * LOW HITPOINT WARNING * * *
The four-headed hydra is caught in a web!
A four-headed hydra comes into view.
The polar bear barely misses you. The polar bear misses you.
The polar bear barely misses you.
The four-headed hydra struggles to get unstuck from the web.
The polar bear bites you!!
* * * LOW HITPOINT WARNING * * *
The polar bear barely misses you. The polar bear misses you.
Unknown command.
You feel much better. The elephant tramples you!!
* * * LOW HITPOINT WARNING * * *
You hold your ground!
The elephant misses you. The polar bear completely misses you.
The polar bear claws you.
You die...

Skill      XL: |  1  2  3  4  5  6  7  8  9 10 11 12 13 |
---------------+----------------------------------------+-----
Spellcasting   | 3 4 5 7 8 10 11 | 11.7
Conjurations   | 5 6 7 9 10 | 10.5
Hexes          | 1 2 3 4 5 |  5.4
Translocations | 1 4 |  4.7
Fighting       | 2 4 5 |  5.7
Dodging        | 9 10 | 10.0
Staves         | 4 |  4.0
Stealth        | 7 |  7.6
Earth Magic    | 3 9 |  9.7
Transmutations | 2 |  2.3

Action                   |  1- 3 |  4- 6 |  7- 9 | 10-12 | 13-15 || total
-------------------------+-------+-------+-------+-------+-------++-------
Melee: Unarmed           |    18 |       |       |       |       ||    18
       Constrict         |     3 |       |       |       |    10 ||    13
       Tentacles         |     1 |       |       |       |    30 ||    31
       Staff             |       |       |       |       |   103 ||   103
 Cast: Magic Dart        |    36 |    84 |    36 |    59 |     2 ||   217
       Searing Ray       |     3 |    19 |    32 |    23 |     3 ||    80
       Fulminant Prism   |       |       |    37 |   144 |    56 ||   237
       Iskenderun's Myst |       |       |     3 |    26 |     5 ||    34
       Statue Form       |       |       |       |       |    10 ||    10
       Borgnjor's Vile C |       |       |       |       |     5 ||     5
       Lehudib's Crystal |       |       |       |       |     2 ||     2
Invok: Curse Item        |       |       |     2 |     7 |     2 ||    11
Evoke: Wand              |       |       |     1 |       |     1 ||     2
  Use: Scroll            |       |    13 |     7 |       |       ||    20
       Potion            |       |       |     1 |       |     1 ||     2
 Stab: Sleeping          |     3 |       |       |       |     1 ||     4
Armor: Skin              |       |       |       |       |    71 ||    71
Dodge: Dodged            |    16 |     8 |    17 |    82 |   246 ||   369

Levels and vault maps discovered:
D:1:      saegor_arrival_simple_b, layout_basic, minmay_pentomino_t4
D:2:      layout_basic, chequers_ecumenical_altar_simple, hangedman_glass_teeth,
          uniq_robin, uniq_jessica
D:3:      layout_rooms, amethyst_overflow_temple_binary,
          mainiacjoe_overflow_24_doors, portal_sewer_entry_e, serial_shops,
          nicolae_shop_window_shopping, minmay_misc_feat_roman,
          minmay_misc_feat_room, uniq_natasha
D:4:      layout_basic, mainiacjoe_overflow_tiny_flanked,
          minmay_temple_entry_statues_fountains
D:5:      layout_rooms, interstate_on_off, nicolae_shop_overcharged_wands,
          uniq_crazy_yiuf_cottage
D:6:      cheibrodos_iron_armory, layout_loops_ring,
          mainiacjoe_overflow_boulevard, grunt_potential, uniq_sigmund
D:7:      layout_rooms, amcnicky_altar_gilded
D:8:      layout_rooms, nicolae_qazlal_eye_of_the_storm, minmay_lindwurm_lava,
          uniq_joseph, uniq_grum, uniq_psyche, uniq_erica
D:9:      layout_irregular_city, zombieorc1_lemuel, serial_shops, shop,
          nrook_mini_vaults, kennysheep_kite_vault
D:10:     layout_basic, okawaru_altar_gauntlet_db,
          mainiacjoe_overflow_surrounded_room, mainiacjoe_overflow_alcove_3,
          due_lair_maze_entry_diamond
D:11:     layout_basic, minivault_14, nicolae_wooded_promenade
D:12:     layout_roguey, serial_shops, shop_statue
D:13:     layout_loops_cross
Temple:   nicolae_temple_ecumenical_triangle
Lair:1:   layout_regular_city, serial_bayou_shore_a, uniq_nergalle
Lair:2:   layout_regular_city, roderic_carrion_pond, serial_bayou_shore_b
Lair:3:   layout_chaotic_city, skrybe_swamp_entry_bodies,
          spider_nest_entry_web_field, uniq_josephine

Notes
Turn   | Place    | Note
-------+----------+-------------------------------------------
     0 | D:1      | Sobieck the Octopode Conjurer began the quest for the Orb.
     0 | D:1      | Reached XP level 1. HP: 11/11 MP: 3/3
   478 | D:1      | Reached XP level 2. HP: 11/17 MP: 0/5
   595 | D:1      | Learned a level 2 spell: Searing Ray
  1393 | D:1      | Reached XP level 3. HP: 21/21 MP: 3/6
  2053 | D:2      | Noticed Jessica
  2074 | D:2      | Killed Jessica
  2075 | D:2      | Reached skill level 3 in Spellcasting
  2075 | D:2      | Reached XP level 4. HP: 27/27 MP: 4/8
  2216 | D:2      | Learned a level 4 spell: Fulminant Prism
  2291 | D:2      | Noticed Robin
  2295 | D:2      | Killed Robin
  2572 | D:2      | Found a faded altar of an unknown god.
  2709 | D:3      | Noticed an ogre
  2754 | D:3      | Reached skill level 5 in Conjurations
  3003 | D:3      | Found a sparkling altar of Nemelex Xobeh.
  3173 | D:3      | Killed an ogre
  3174 | D:3      | Reached skill level 1 in Hexes
  3174 | D:3      | Reached XP level 5. HP: 31/31 MP: 2/10
  3478 | D:3      | Reached skill level 4 in Spellcasting
  3478 | D:3      | Reached XP level 6. HP: 36/36 MP: 7/12
  3762 | D:3      | Found Ciupuxoo's Magic Scroll Boutique.
  3811 | D:3      | Bought a scroll of identify for 28 gold pieces
  3997 | D:3      | Found an ancient bone altar of Kikubaaqudgha.
  3997 | D:3      | Found a glowing golden altar of the Shining One.
  3997 | D:3      | Noticed Natasha
  3999 | D:3      | Killed Natasha
  4078 | D:4      | Identified a scroll of acquirement
  4078 | D:4      | Acquired a staff of conjuration
  4134 | D:4      | Learned a level 4 spell: Iskenderun's Mystic Blast
  4358 | D:4      | Found an ornate altar of the Wu Jian Council.
  5008 | D:4      | Reached skill level 6 in Conjurations
  5008 | D:4      | Reached skill level 2 in Hexes
  5008 | D:4      | Reached XP level 7. HP: 41/41 MP: 7/13
  5365 | D:4      | Found a staircase to the Ecumenical Temple.
  5375 | Temple   | Entered the Ecumenical Temple
  5382 | Temple   | Became a worshipper of Ashenzari the Shackled
  5454 | D:5      | Entered Level 5 of the Dungeon
  5610 | D:5      | Reached skill level 5 in Spellcasting
  5928 | D:5      | Found Jatseum's Overcharged Wands.
  6010 | D:5      | Reached skill level 7 in Conjurations
  6010 | D:5      | Reached skill level 3 in Hexes
  6181 | D:5      | Reached XP level 8. HP: 46/46 MP: 6/15
  6572 | D:5      | Found a runed translucent door.
  6573 | D:5      | Noticed Crazy Yiuf
  6647 | D:6      | Noticed Sigmund
  6655 | D:6      | Killed Sigmund
  6656 | D:6      | Reached skill level 8 in Conjurations
  6656 | D:6      | Reached skill level 4 in Hexes
  6961 | D:6      | Acquired the ring of Dogma {Fire *Corrode Fly Int+4 Stlth+}
  7045 | D:6      | Reached skill level 9 in Conjurations
  7130 | D:6      | Reached skill level 1 in Translocations
  7399 | D:6      | HP: 9/46 [orc warrior/iceblast (16)]
  7427 | D:6      | Found a sacrificial altar of Ru.
  7679 | D:6      | Noticed a cyclops
  7780 | D:6      | Reached XP level 9. HP: 51/51 MP: 10/16
  7834 | D:6      | Reached skill level 2 in Translocations
  7864 | D:6      | Killed a cyclops
  7865 | D:6      | Reached skill level 4 in Translocations
  8201 | D:6      | Identified the +0 leather armour of the Spider Nest {rC+
                  | Dex+3}
  8378 | D:6      | Reached skill level 6 in Spellcasting
  8409 | D:6      | Noticed a cyclops
  8420 | D:6      | Identified the +3 robe of the Unseen Realm {rN+ Will+} (You
                  | took it off an orc on level 6 of the Dungeon)
  8445 | D:6      | Killed a cyclops
  8446 | D:6      | Reached skill level 7 in Spellcasting
  8773 | D:7      | Found a glowing silver altar of Zin.
  8937 | D:7      | Reached * piety under Ashenzari
  8973 | D:7      | Reached XP level 10. HP: 56/56 MP: 8/22
  9026 | D:7      | Reached skill level 8 in Spellcasting
  9485 | D:7      | Reached skill level 1 in Fighting
  9513 | D:6      | Noticed a rust devil
  9513 | D:6      | Noticed a rust devil
  9658 | D:8      | Noticed Erica
  9678 | D:8      | Noticed Grum
  9739 | D:8      | Noticed Psyche
  9743 | D:8      | Killed Psyche
  9744 | D:8      | Reached skill level 2 in Fighting
  9744 | D:8      | Reached skill level 3 in Dodging
  9878 | D:8      | Noticed Joseph
  9882 | D:8      | Reached skill level 4 in Dodging
  9885 | D:8      | HP: 13/63 [Joseph/sling bullet (22)]
 10005 | D:7      | Killed Erica
 10006 | D:7      | Reached skill level 5 in Dodging
 10119 | D:8      | Killed Grum
 10120 | D:8      | Reached skill level 6 in Dodging
 10359 | D:8      | HP: 14/63 [Joseph/sling bullet (13)]
 10417 | D:8      | Killed Joseph
 10418 | D:8      | Reached skill level 7 in Dodging
 10618 | D:8      | Noticed a lindwurm
 10690 | D:8      | You pick up a book of Armaments and begin reading...
 10690 | D:8      | You add the spells Stone Arrow and Lehudib's Crystal Spear
                  | to your library.
 10710 | D:8      | Noticed a lindwurm
 10822 | D:8      | Found a stormy altar of Qazlal.
 10871 | D:8      | Noticed a lindwurm
 10875 | D:8      | Noticed a lindwurm
 10879 | D:8      | Killed a lindwurm
 10880 | D:8      | Reached skill level 8 in Dodging
 10884 | D:8      | Killed a lindwurm
 10884 | D:8      | Killed a lindwurm
 10885 | D:8      | Reached skill level 9 in Dodging
 10885 | D:8      | Reached XP level 11. HP: 67/67 MP: 13/24
 10992 | D:8      | Killed a lindwurm
 10993 | D:8      | Reached skill level 3 in Fighting
 10993 | D:8      | Reached skill level 1 in Staves
 11062 | D:8      | You pick up a book of Unlife and begin reading...
 11062 | D:8      | You add the spells Animate Dead, Borgnjor's Vile Clutch and
                  | Death Channel to your library.
 11333 | D:9      | Reached skill level 2 in Staves
 11347 | D:9      | Reached skill level 4 in Fighting
 11520 | D:9      | You add the spells Conjure Flame, Ignite Poison and Sticky
                  | Flame to your library.
 11625 | D:9      | Reached skill level 3 in Staves
 11989 | D:9      | Reached ** piety under Ashenzari
 12045 | D:9      | Found a staircase to the Orcish Mines.
 12050 | D:9      | Reached skill level 4 in Staves
 12245 | D:9      | Found Beg Wonu's Jewellery Emporium.
 12253 | D:9      | Bought a ring of wizardry for 420 gold pieces
 12697 | D:9      | Reached skill level 9 in Spellcasting
 13423 | D:10     | Entered Level 10 of the Dungeon
 13473 | D:10     | Found an opulent altar of Gozag.
 13475 | D:10     | Found a hide-covered altar of Uskayaw.
 13477 | D:10     | Found a shadowy altar of Dithmenos.
 13525 | D:10     | Found a burning altar of Makhleb.
 13567 | D:10     | Found a shimmering blue altar of Sif Muna.
 13951 | D:10     | Reached *** piety under Ashenzari
 13987 | D:10     | Reached skill level 10 in Spellcasting
 14176 | D:10     | Reached XP level 12. HP: 80/80 MP: 21/27
 14301 | D:10     | Found a staircase to the Lair.
 14574 | D:10     | Found an iron altar of Okawaru.
 14748 | D:10     | You pick up a book of Dreams and begin reading...
 14748 | D:10     | You add the spells Ensorcelled Hibernation, Spider Form and
                  | Anguish to your library.
 14823 | D:11     | Noticed a four-headed hydra
 14832 | D:11     | Killed a four-headed hydra
 14833 | D:11     | Reached skill level 5 in Hexes
 14956 | D:11     | Noticed a two-headed ogre
 14963 | D:11     | Killed a two-headed ogre
 15317 | D:11     | Found Uddomi's Antique Armour Emporium.
 15319 | D:11     | Found Wuxes's Distillery.
 15320 | D:11     | Found Litud's General Store.
 15333 | D:11     | Bought a glowing hat for 175 gold pieces
 15341 | D:11     | Reached **** piety under Ashenzari
 15880 | D:11     | Noticed a two-headed ogre
 15886 | D:11     | Killed a two-headed ogre
 15887 | D:11     | Reached skill level 10 in Conjurations
 15961 | D:11     | Reached skill level 5 in Fighting
 15961 | D:11     | Reached skill level 3 in Stealth
 16276 | D:12     | Noticed a two-headed ogre
 16287 | D:12     | Killed a two-headed ogre
 16288 | D:12     | Reached skill level 10 in Dodging
 16476 | D:12     | Noticed a six-headed hydra
 16484 | D:12     | Killed a six-headed hydra
 16485 | D:12     | Reached skill level 11 in Spellcasting
 16545 | D:12     | Reached skill level 4 in Stealth
 16697 | D:12     | You pick up a book of Sloth and begin reading...
 16697 | D:12     | You add the spells Petrify, Metabolic Englaciation and
                  | Statue Form to your library.
 16698 | D:12     | Found Jatsixkucac's Armour Shoppe.
 16947 | D:12     | Reached skill level 1 in Earth Magic
 16951 | D:12     | Reached skill level 5 in Stealth
 17047 | D:12     | Reached skill level 2 in Earth Magic
 17237 | D:13     | Reached ***** piety under Ashenzari
 17245 | D:13     | Reached skill level 6 in Stealth
 17248 | D:13     | Noticed a centaur warrior
 17323 | Lair:1   | Entered Level 1 of the Lair of Beasts
 17333 | Lair:1   | Reached skill level 3 in Earth Magic
 17344 | Lair:1   | Noticed a seven-headed hydra
 17352 | Lair:1   | Killed a seven-headed hydra
 17353 | Lair:1   | Reached skill level 7 in Stealth
 17356 | Lair:1   | Reached XP level 13. HP: 72/86 MP: 10/30
 17360 | Lair:1   | Reached skill level 4 in Earth Magic
 17487 | D:10     | Learned a level 5 spell: Borgnjor's Vile Clutch
 17491 | Lair:1   | Noticed Nergalle
 17496 | Lair:1   | Killed Nergalle
 17497 | Lair:1   | Reached skill level 5 in Earth Magic
 17588 | D:10     | Learned a level 8 spell: Lehudib's Crystal Spear
 18239 | Lair:1   | Reached skill level 1 in Transmutations
 18276 | Lair:1   | Reached skill level 6 in Earth Magic
 19093 | Lair:2   | Learned a level 6 spell: Statue Form
 19109 | Lair:2   | Reached skill level 2 in Transmutations
 19529 | Lair:2   | Reached skill level 7 in Earth Magic
 19866 | Lair:3   | Noticed Josephine
 20026 | Lair:2   | Reached skill level 8 in Earth Magic
 20084 | Lair:2   | Killed Josephine
 20218 | Lair:3   | Found a staircase to the Swamp.
 20227 | Lair:3   | Reached skill level 9 in Earth Magic
 20546 | Lair:3   | Found a hole to the Spider Nest.
 20601 | Lair:3   | Reached XP level 14. HP: 67/94 MP: 25/32
 20603 | Lair:3   | HP: 8/94 [polar bear (18)]
 20604 | Lair:3   | HP: 3/94 [elephant (20)]
 20604 | Lair:3   | Slain by a polar bear

Vanquished Creatures
  Josephine (Lair:2)
  A boulder beetle (Lair:1)
  3 hydras
  A catoblepas (Lair:2)
  3 two-headed ogres
  Erica (D:7)
  5 death yaks
  Nergalle (Lair:1)
  2 bog bodies (Lair:3)
  4 lindwurms (D:8)
  An ugly thing (D:12)
  4 cyclopes
  An elephant (Lair:3)
  Joseph (D:8)
  7 cane toads
  2 black mambas
  2 unseen horrors
  A rime drake (Lair:2)
  Psyche (D:8)
  A kobold demonologist (D:11)
  2 komodo dragons
  4 trolls
  A hornet (D:8)
  4 dream sheep (Lair:3)
  4 blink frogs (Lair:1)
  2 vampires
  Sigmund (D:6)
  4 shadows (D:9)
  7 wraiths
  3 wyverns
  A basilisk (Lair:2)
  A water elemental (D:11)
  2 steam dragons
  29 yaks
  5 vampire mosquitoes
  Grum (D:8)
  17 water moccasins
  4 black bears
  5 orc warriors
  3 ice beasts
  2 ogres
  14 wolves
  4 centaurs
  2 phantoms
  3 kobold brigands
  11 bullfrogs
  A gnoll sergeant (D:9)
  A scorpion (D:5)
  5 necrophages (Lair:2)
  7 wights
  A troll zombie (D:9)
  8 killer bees
  2 howler monkeys
  2 electric eels (D:11)
  2 jellies
  8 orc priests
  2 gnoll boudas
  4 hounds
  Jessica (D:2)
  4 iguanas
  16 orc wizards
  Natasha (D:3)
  5 ogre zombies (D:9)
  Robin (D:2)
  14 gnolls
  9 adders
  2 river rats (D:3)
  A white imp (D:7)
  An ufetubus (D:7)
  A dart slug (D:1)
  3 worms
  41 orcs
  5 endoplasms
  3 giant cockroaches
  23 goblins
  4 hobgoblins
  5 quokkas
  8 ball pythons
  3 bats
  A frilled lizard (D:2)
  2 goblin skeletons (D:9)
  4 goblin zombies (D:9)
  2 hobgoblin zombies (D:9)
  22 kobolds
  2 orc skeletons (D:9)
  9 orc zombies (D:9)
  3 rats
418 creatures vanquished.

Vanquished Creatures (others)
  A bush (Lair:1)
  237 fulminant prisms
  68 fungi
  79 plants
385 creatures vanquished.

Grand Total: 803 creatures vanquished

Table legend:
 A = Non-vault XP
 B = Vault XP
 C = Vault XP percentage of total XP
 D = Non-vault monster count
 E = Vault monster count
 F = Vault count percentage of total count
                 A         B        C        D         E       F
            +---------+---------+-------+---------+---------+-------
      Total |   39147 |   15117 |  27.9 |     295 |     123 |  29.4
            +---------+---------+-------+---------+---------+-------
        D:1 |      31 |       4 |  11.4 |      17 |       3 |  15.0
        D:2 |      12 |      73 |  85.9 |       7 |      14 |  66.7
        D:3 |     195 |      74 |  27.5 |      16 |       9 |  36.0
        D:4 |     268 |       0 |   0.0 |      22 |       0 |   0.0
        D:5 |     660 |       0 |   0.0 |      22 |       0 |   0.0
        D:6 |     786 |    2046 |  72.2 |      17 |      16 |  48.5
        D:7 |    1295 |    1068 |  45.2 |      28 |       3 |   9.7
        D:8 |    1097 |    3554 |  76.4 |      17 |       7 |  29.2
        D:9 |    2659 |    2850 |  51.7 |      31 |      44 |  58.7
       D:10 |     982 |    1260 |  56.2 |       3 |      15 |  83.3
       D:11 |    5068 |       0 |   0.0 |      28 |       0 |   0.0
       D:12 |    5826 |       0 |   0.0 |      18 |       0 |   0.0
       D:13 |     556 |       0 |   0.0 |       1 |       0 |   0.0
     Lair:1 |    7788 |     779 |   9.1 |      31 |       1 |   3.1
     Lair:2 |    7643 |    1770 |  18.8 |      19 |       8 |  29.6
     Lair:3 |    4281 |    1639 |  27.7 |      18 |       3 |  14.3
            +---------+---------+-------+---------+---------+-------

Illustrated notes

Table legend:
 A = Kills in this place as a percentage of kills in entire the game.
 B = Kills by you in this place as a percentage of kills by you in the entire game.
 C = Kills by friends in this place as a percentage of kills by friends in the entire game.
 D = Other kills in this place as a percentage of other kills in the entire game.
 E = Experience gained in this place as a percentage of experience gained in the entire game.
 F = Experience gained in this place divided by the number of levels of this place that you have seen.
                   A       B       C       D       E      F
               +-------+-------+-------+-------+-------+----------------------
         Total | 100.0 | 100.0 |   N/A |   N/A | 100.0 | 3192.0
       Dungeon |  80.9 |  80.9 |   N/A |   N/A |  56.0 | 2335.7
          Lair |  19.1 |  19.1 |   N/A |   N/A |  44.0 | 7966.7
               +-------+-------+-------+-------+-------+----------------------

Table legend: (Time is in decaauts)
 A = Elapsed time spent in this place.
 B = Non-inter-level travel time spent in this place.
 C = Inter-level travel time spent in this place.
 D = Time resting spent in this place.
 E = Time spent auto-exploring this place.
 F = Levels seen in this place.
 G = Mean time per level.
                   A        B        C        D        E       F      G
               +--------+--------+--------+--------+--------+-----+--------+
         Total |  20891 |  20291 |    600 |   5515 |  10965 |  17 | 1228.9 |
       Dungeon |  17542 |  17074 |    468 |   4666 |   9496 |  13 | 1349.4 |
        Temple |     12 |      8 |      4 |      0 |      0 |   1 |   12.0 |
          Lair |   3336 |   3209 |    127 |    849 |   1469 |   3 | 1112.0 |
               +--------+--------+--------+--------+--------+-----+--------+

Top non-repeatable levels by time:
     D:6: 2274 daAuts
     D:9: 2030 daAuts
    D:10: 1592 daAuts
     D:1: 1549 daAuts
     D:4: 1545 daAuts
     D:7: 1533 daAuts
    D:11: 1495 daAuts
  Lair:1: 1368 daAuts
     D:3: 1343 daAuts
  Lair:2: 1305 daAuts
     D:2: 1197 daAuts
     D:8: 998 daAuts
    D:12: 997 daAuts
     D:5: 953 daAuts
  Lair:3: 662 daAuts
